TOP OF THE 1ST |
Virginia Cavaliers batting - Pitching for Boston College Eagles : RHP Gabriel Stevenson
|
Pitching: RHP Gabriel Stevenson
|
|
Batting: LHB Randy Pérez
|
0-0: Ball 1-0: Foul Ball, location: 2F 1-1: Swinging Strike 1-2: Ball 2-2: Fly out, F2 (Popup, 25F)
|
Batting: RHB Randy Love
|
0-0: Called Strike 0-1: Ball 1-1: Ball 2-1: Foul Ball, location: 2F 2-2: Ball 3-2: SINGLE (Line Drive, 6M)
|
Batting: LHB Jack Davis
|
0-0: Called Strike 0-1: Ball 1-1: Ball 2-1: Ball 3-1: Foul Ball, location: 2F 3-2: SINGLE (Flyball, 7S) Randy Love to second Randy Love to third
|
Batting: LHB Andrés Méndez
|
0-0: Ball 1-0: Called Strike 1-1: Ball 2-1: Ball 3-1: Fly out, F9 (Flyball, 9LS) Runner from 3rd tags up, SCORES, no throw
|
Batting: RHB Anthony Scott
|
0-0: Ball 1-0: Reached on error, E6 (Groundball, 6) Jack Davis to second
|
Batting: SHB Ed Hall
|
0-0: Called Strike 0-1: Ball 1-1: Ball 2-1: Called Strike 2-2: Strikes out swinging
|
Top of the 1st over - 1 run, 2 hits, 1 error, 2 left on base; Virginia 1 - Boston College 0 |
BOTTOM OF THE 1ST |
Boston College Eagles batting - Pitching for Virginia Cavaliers : RHP Felipe Ortíz
|
Pitching: RHP Felipe Ortíz
|
|
Batting: RHB Johnny Robertson
|
0-0: Ball 1-0: Foul Ball, location: 2F 1-1: Swinging Strike 1-2: Ball 2-2: Strikes out swinging
|
Batting: SHB Héctor Arteago
|
0-0: Called Strike 0-1: Foul Ball, location: 2F 0-2: Ball 1-2: Foul Ball, location: 2F 1-2: Ground out U3 (Groundball, 34)
|
Batting: SHB Marvin MacGeoch
|
0-0: Called Strike 0-1: Ball 1-1: Ball 2-1: Foul Ball, location: 2F 2-2: Ball 3-2: Strikes out looking
|
Bottom of the 1st over - 0 runs, 0 hits, 0 errors, 0 left on base; Virginia 1 - Boston College 0 |
TOP OF THE 2ND |
Virginia Cavaliers batting - Pitching for Boston College Eagles : RHP Gabriel Stevenson
|
Batting: LHB Jason Thompson
|
0-0: Ball 1-0: Ball 2-0: Called Strike 2-1: Ball 3-1: SINGLE (Groundball, 6D)
|
Batting: RHB Mark Greene
|
0-0: Ball 1-0: Ball 2-0: Ball 3-0: Base on Balls Jason Thompson to second
|
Batting: SHB Ed Andrews
|
0-0: Fly out, F9 (Flyball, 9)
|
Batting: LHB Randy Pérez
|
0-0: Ball 1-0: Called Strike 1-1: Swinging Strike 1-2: Strikes out swinging
|
Batting: RHB Randy Love
|
0-0: Fly out, F7 (Flyball, 78M)
|
Top of the 2nd over - 0 runs, 1 hit, 0 errors, 2 left on base; Virginia 1 - Boston College 0 |
BOTTOM OF THE 2ND |
Boston College Eagles batting - Pitching for Virginia Cavaliers : RHP Felipe Ortíz
|
Batting: RHB Steve Neal
|
0-0: Called Strike 0-1: Ball 1-1: Called Strike 1-2: Strikes out looking
|
Batting: SHB Walt Gómez
|
0-0: Ball 1-0: Ball 2-0: Ball 3-0: Base on Balls
|
Batting: RHB Fernando Rosales
|
0-0: Called Strike 0-1: Ball 1-1: Foul Ball, location: 2F 1-2: Ball 2-2: Foul Ball, location: 2F 2-2: Foul Ball, location: 2F 2-2: Grounds into double play, 5-4-3 (Groundball, 56)
|
Bottom of the 2nd over - 0 runs, 0 hits, 0 errors, 0 left on base; Virginia 1 - Boston College 0 |
TOP OF THE 3RD |
Virginia Cavaliers batting - Pitching for Boston College Eagles : RHP Gabriel Stevenson
|
Batting: LHB Jack Davis
|
0-0: Called Strike 0-1: Foul Ball, location: 2F 0-2: Foul Ball, location: 2F 0-2: Foul Ball, location: 2F 0-2: Ball 1-2: Ball 2-2: SINGLE (Flyball, 89M)
|
Batting: LHB Andrés Méndez
|
0-0: Called Strike 0-1: Fly out, F8 (Flyball, 8RD)
|
Pitching: LHP Cecil Stone
|
|
Batting: RHB Anthony Scott
|
0-0: Ball 1-0: Ball 2-0: Swinging Strike 2-1: Swinging Strike 2-2: Strikes out looking
|
Batting: SHB Ed Hall
|
0-0: Called Strike 0-1: Swinging Strike 0-2: Ball 1-2: Ball 2-2: Fly out, F1 (Line Drive, 13)
|
Top of the 3rd over - 0 runs, 1 hit, 0 errors, 1 left on base; Virginia 1 - Boston College 0 |
BOTTOM OF THE 3RD |
Boston College Eagles batting - Pitching for Virginia Cavaliers : RHP Felipe Ortíz
|
Batting: LHB Porter Butler
|
0-0: Called Strike 0-1: Foul Ball, location: 2F 0-2: Ground out 6-3 (Groundball, 6)
|
Batting: RHB Chris West
|
0-0: Foul Ball, location: 2F 0-1: Fly out, F8 (Line Drive, 78D)
|
Batting: RHB Shawn Hanner
|
0-0: SINGLE (Line Drive, 9)
|
Batting: RHB Johnny Robertson
|
0-0: SINGLE (Flyball, 89S) Shawn Hanner to second Runner from 2nd tries for 3rd, SAFE, no throw
|
Batting: SHB Héctor Arteago
|
0-0: Ball 1-0: Ball 2-0: Called Strike 2-1: Reached on error, E4 (Groundball, 34) Shawn Hanner scores Johnny Robertson to second
|
Batting: SHB Marvin MacGeoch
|
0-0: Ball 1-0: Ball 2-0: Called Strike 2-1: Ball 3-1: Foul Ball, location: 2F 3-2: Base on Balls Johnny Robertson to third Héctor Arteago to second
|
Batting: RHB Steve Neal
|
0-0: Ball 1-0: Ball 2-0: Ball 3-0: Called Strike 3-1: Ground out 6-3 (Groundball, 6MS)
|
Bottom of the 3rd over - 1 run, 2 hits, 1 error, 3 left on base; Virginia 1 - Boston College 1 |
TOP OF THE 4TH |
Virginia Cavaliers batting - Pitching for Boston College Eagles : LHP Cecil Stone
|
Batting: LHB Jason Thompson
|
0-0: Foul Ball, location: 2F 0-1: Foul Ball, location: 2F 0-2: Ball 1-2: Strikes out swinging
|
Batting: RHB Mark Greene
|
0-0: Ball 1-0: Called Strike 1-1: Foul Ball, location: 2F 1-2: Strikes out swinging
|
Batting: SHB Ed Andrews
|
0-0: Ball 1-0: Ball 2-0: Foul Ball, location: 2F 2-1: Fly out, F9 (Flyball, 89M)
|
Top of the 4th over - 0 runs, 0 hits, 0 errors, 0 left on base; Virginia 1 - Boston College 1 |
BOTTOM OF THE 4TH |
Boston College Eagles batting - Pitching for Virginia Cavaliers : RHP Felipe Ortíz
|
Batting: SHB Walt Gómez
|
0-0: Foul Ball, location: 2F 0-1: Called Strike 0-2: Ball 1-2: Strikes out swinging
|
Batting: RHB Fernando Rosales
|
0-0: Called Strike 0-1: Ball 1-1: Ball 2-1: Swinging Strike 2-2: SINGLE (Flyball, 8RS)
|
Batting: LHB Porter Butler
|
0-0: Ball 1-0: Called Strike 1-1: Foul Ball, location: 2F 1-2: SINGLE (Flyball, 7S) Fernando Rosales to second
|
Batting: RHB Chris West
|
0-0: Ball 1-0: Ball 2-0: Ball 3-0: Foul Ball, location: 2F 3-1: Base on Balls Fernando Rosales to third Porter Butler to second
|
Batting: RHB Shawn Hanner
|
0-0: Ball 1-0: Fly out, F7 (Flyball, 78S) Runner from 3rd tags up, SCORES, throw made
|
Batting: RHB Johnny Robertson
|
0-0: Fly out, F8 (Flyball, 8RM)
|
Bottom of the 4th over - 1 run, 2 hits, 0 errors, 2 left on base; Virginia 1 - Boston College 2 |
TOP OF THE 5TH |
Virginia Cavaliers batting - Pitching for Boston College Eagles : LHP Cecil Stone
|
Batting: LHB Randy Pérez
|
0-0: Ball 1-0: Foul Ball, location: 2F 1-1: Called Strike 1-2: Ground out 4-3 (Groundball, 4)
|
Batting: RHB Randy Love
|
0-0: Ball 1-0: Called Strike 1-1: Swinging Strike 1-2: Foul Ball, location: 2F 1-2: Ball 2-2: Strikes out swinging
|
Batting: LHB Jack Davis
|
0-0: Ball 1-0: SOLO HOME RUN (Flyball, 9LD), Distance : 333 ft
|
Batting: LHB Andrés Méndez
|
0-0: Foul Ball, location: 2F 0-1: Ball 1-1: Ball 2-1: SINGLE (Flyball, 9S)
|
Batting: RHB Anthony Scott
|
0-0: Called Strike 0-1: Called Strike 0-2: Ball 1-2: Foul Ball, location: 2F 1-2: Ball 2-2: Foul Ball, location: 2F 2-2: Foul Ball, location: 2F 2-2: Strikes out looking
|
Top of the 5th over - 1 run, 2 hits, 0 errors, 1 left on base; Virginia 2 - Boston College 2 |
BOTTOM OF THE 5TH |
Boston College Eagles batting - Pitching for Virginia Cavaliers : RHP Felipe Ortíz
|
Batting: SHB Héctor Arteago
|
0-0: Called Strike 0-1: Swinging Strike 0-2: Fly out, F9 (Flyball, 9S)
|
Batting: SHB Marvin MacGeoch
|
0-0: Called Strike 0-1: Foul Ball, location: 2F 0-2: Strikes out swinging
|
Batting: RHB Steve Neal
|
0-0: Ball 1-0: Fly out, F7 (Line Drive, 78S)
|
Bottom of the 5th over - 0 runs, 0 hits, 0 errors, 0 left on base; Virginia 2 - Boston College 2 |
TOP OF THE 6TH |
Virginia Cavaliers batting - Pitching for Boston College Eagles : LHP Cecil Stone
|
Batting: SHB Ed Hall
|
0-0: Ball 1-0: Called Strike 1-1: Ball 2-1: Called Strike 2-2: Ball 3-2: Strikes out swinging
|
Batting: LHB Jason Thompson
|
0-0: Ball 1-0: Ball 2-0: Swinging Strike 2-1: Ball 3-1: Base on Balls
|
Batting: RHB Mark Greene
|
0-0: Ball 1-0: Grounds into double play, 6-4-3 (Groundball, 6)
|
Top of the 6th over - 0 runs, 0 hits, 0 errors, 0 left on base; Virginia 2 - Boston College 2 |
BOTTOM OF THE 6TH |
Boston College Eagles batting - Pitching for Virginia Cavaliers : RHP Felipe Ortíz
|
Pitching: RHP Juan García
|
|
Batting: SHB Walt Gómez
|
0-0: Called Strike 0-1: Fly out, F5 (Popup, 15S)
|
Batting: RHB Fernando Rosales
|
0-0: Foul Ball, location: 2F 0-1: Ball 1-1: Swinging Strike 1-2: Ball 2-2: Ball 3-2: Strikes out swinging
|
Batting: LHB Porter Butler
|
0-0: Ground out 4-3 (Groundball, 4)
|
Bottom of the 6th over - 0 runs, 0 hits, 0 errors, 0 left on base; Virginia 2 - Boston College 2 |
TOP OF THE 7TH |
Virginia Cavaliers batting - Pitching for Boston College Eagles : LHP Cecil Stone
|
Pinch Hitting: RHB Scotty Humphrey
|
0-0: Ball 1-0: Fly out, F7 (Flyball, 7)
|
Batting: LHB Randy Pérez
|
0-0: Ball 1-0: Called Strike 1-1: Ball 2-1: Foul Ball, location: 2F 2-2: Ball 3-2: Ground out 4-3 (Groundball, 34)
|
Batting: RHB Randy Love
|
0-0: Called Strike 0-1: Ball 1-1: Swinging Strike 1-2: Foul Ball, location: 2F 1-2: Foul Ball, location: 2F 1-2: Ball 2-2: Ball 3-2: Foul Ball, location: 2F 3-2: Base on Balls
|
Pitching: RHP Bobby Moody
|
|
Batting: LHB Jack Davis
|
0-0: Ball Randy Love is caught stealing 2nd base
|
Top of the 7th over - 0 runs, 0 hits, 0 errors, 0 left on base; Virginia 2 - Boston College 2 |
BOTTOM OF THE 7TH |
Boston College Eagles batting - Pitching for Virginia Cavaliers : RHP Juan García
|
Now at 3B: Scott Hughes
|
|
Batting: RHB Chris West
|
0-0: Ball 1-0: Foul Ball, location: 2F 1-1: Ball 2-1: Ball 3-1: Base on Balls
|
Pinch Hitting: SHB Juan Ibarra
|
0-0: Ball Chris West steals 2nd base 1-0: Intentional Walk
|
Batting: RHB Johnny Robertson
|
0-0: Sac Bunt - play at first, batter OUT! 2-4 Chris West to third Juan Ibarra to second
|
Batting: SHB Héctor Arteago
|
0-0: Ball 1-0: Called Strike 1-1: Called Strike 1-2: Ball 2-2: Ball 3-2: Strikes out swinging
|
Batting: SHB Marvin MacGeoch
|
0-0: Ball 1-0: Foul Ball, location: 2F 1-1: Called Strike 1-2: Strikes out swinging
|
Bottom of the 7th over - 0 runs, 0 hits, 0 errors, 2 left on base; Virginia 2 - Boston College 2 |
TOP OF THE 8TH |
Virginia Cavaliers batting - Pitching for Boston College Eagles : RHP Bobby Moody
|
Now in CF: Juan Ibarra
|
|
Batting: LHB Jack Davis
|
0-0: Called Strike 0-1: Ball 1-1: Ball 2-1: Ball 3-1: Base on Balls
|
Pitching: LHP Ken Byrd
|
|
Pinch Runner at 1st Fletcher Richardson:
|
|
Batting: LHB Andrés Méndez
|
0-0: Ball 1-0: Called Strike 1-1: Ball 2-1: Ball 3-1: Foul Ball, location: 2F 3-2: Foul Ball, location: 2F 3-2: Foul Ball, location: 2F 3-2: Strikes out swinging
|
Pitching: LHP Mariano García
|
|
Batting: RHB Anthony Scott
|
0-0: Called Strike 0-1: Ball 1-1: Ball 2-1: Swinging Strike 2-2: Strikes out swinging
|
Batting: SHB Ed Hall
|
0-0: Reached on error, E6 (Groundball, 6) Fletcher Richardson to second
|
Batting: LHB Jason Thompson
|
0-0: Foul Ball, location: 2F 0-1: Swinging Strike 0-2: Strikes out looking
|
Top of the 8th over - 0 runs, 0 hits, 1 error, 2 left on base; Virginia 2 - Boston College 2 |
BOTTOM OF THE 8TH |
Boston College Eagles batting - Pitching for Virginia Cavaliers : RHP Juan García
|
Batting: RHB Steve Neal
|
0-0: Ball 1-0: Called Strike 1-1: Ball 2-1: Ball 3-1: Base on Balls
|
Pitching: RHP Robby Robinson
|
|
Batting: SHB Walt Gómez
|
0-0: Called Strike Steve Neal is caught stealing 2nd base 0-1: Foul Ball, location: 2F 0-2: Foul Ball, location: 2F 0-2: Ball 1-2: Strikes out looking
|
Batting: RHB Fernando Rosales
|
0-0: Called Strike 0-1: Swinging Strike 0-2: Strikes out looking
|
Bottom of the 8th over - 0 runs, 0 hits, 0 errors, 0 left on base; Virginia 2 - Boston College 2 |
TOP OF THE 9TH |
Virginia Cavaliers batting - Pitching for Boston College Eagles : LHP Mariano García
|
Pitching: RHP Bob Barry
|
|
Batting: RHB Mark Greene
|
0-0: Called Strike 0-1: Ball 1-1: Foul Ball, location: 2F 1-2: Fly out, F8 (Flyball, 8RS)
|
Batting: RHB Scott Hughes
|
0-0: Ball 1-0: Swinging Strike 1-1: Ball 2-1: Ball 3-1: Fly out, F7 (Line Drive, 7D)
|
Batting: LHB Randy Pérez
|
0-0: Foul Ball, location: 2F 0-1: Ball 1-1: Foul Ball, location: 2F 1-2: Fly out, F7 (Flyball, 7S)
|
Top of the 9th over - 0 runs, 0 hits, 0 errors, 0 left on base; Virginia 2 - Boston College 2 |
BOTTOM OF THE 9TH |
Boston College Eagles batting - Pitching for Virginia Cavaliers : RHP Robby Robinson
|
Pitching: RHP Lanny Gauthier
|
|
Batting: LHB Porter Butler
|
0-0: Ball 1-0: Ball 2-0: Swinging Strike 2-1: Foul Ball, location: 2F 2-2: Reached on error, E5 (Groundball, 5L)
|
Batting: RHB Chris West
|
0-0: Called Strike 0-1: Foul Ball, location: 2F 0-2: SINGLE (Groundball, 56D) Porter Butler to second
|
Batting: SHB Juan Ibarra
|
0-0: Ball 1-0: Ball 2-0: Ball 3-0: Base on Balls Porter Butler to third Chris West to second
|
Batting: RHB Johnny Robertson
|
0-0: Called Strike 0-1: Swinging Strike 0-2: GRAND SLAM HOME RUN (Flyball, 7LD), Distance : 330 ft
|
Saturday, April 7th, 2018 - OOTP Baseball 18.8 Build 76
|
|